 Dungeon Crawl Stone Soup version 0.30.0-15-g856e2d3f33 (webtiles) character file.

Game seed: 10624663231459352460

178591 freelancePsychic the Eclecticist (level 18, 0/143 HPs)
             Began as a Djinni Air Elementalist on May 18, 2023.
             Was the Champion of Makhleb.
             Killed from afar by a fire giant (2 damage)
             ... with a fireball
             ... on level 3 of the Depths.
             The game lasted 00:42:10 (20381 turns).

freelancePsychic the Eclecticist (DjAE)            Turns: 20381, Time: 00:42:10

Health: 0/143      AC: 17    Str:  6    XL:     18   Next: 88%
Gold:   1541       EV: 18    Int: 32    God:    Makhleb [******] SH: 16 Dex: 16

rFire   + + +        G - staff of earth
rCold   . . .        L - +1 buckler {AC+3}
rNeg    . . .        M - +3 ring mail of the Desert {rF+ rC+ Regen+}
rPois   ∞            m - +2 helmet
rElec   .            (no cloak)
rCorr   .            K - +2 pair of gloves
SInv    .            (boots unavailable)
Will    +....        f - amulet of reflection
Stlth   +            Q - +5 ring of evasion
HPRegen 1.23/turn    r - +6 ring of intelligence
MPRegen 0.00/turn

%: reflection, infuse magic (-1 HP)
@: marked, flying, invisible
A: sickness immunity, fire resistance 2, cold vulnerability 1, float, innate
caster, HP casting, extra vitality 1, large bone plates 1, clever 1, noise
suppression
a: Renounce Religion, Minor Destruction, Lesser Servant of Makhleb, Major
Destruction, Greater Servant of Makhleb


You were on level 3 of the Depths.
You worshipped Makhleb.
Makhleb was exalted by your worship.
You visited 3 branches of the dungeon, and saw 20 of its levels.

You collected 1820 gold pieces.
You spent 279 gold pieces at shops.

Inventory:

Armour
 m - a +2 helmet (worn)
 K - a +2 pair of gloves (worn)
 L - a +1 buckler of protection (worn)
 M - the +3 ring mail of the Desert (worn) {rF+ rC+ Regen+}
   (You bought it in a shop on level 14 of the Dungeon)

   rF:        It protects you from fire.
   rC:        It protects you from cold.
   Regen:     It increases your rate of health regeneration.
 R - a +0 robe of the Archmagi
Magical Staves
 C - a staff of fire
 G - a staff of earth (weapon)
Jewellery
 f - an amulet of reflection (around neck)
 j - the ring of Qizaf {rCorr MP+9}
   (You took it off a fire giant on level 4 of the Depths)

   [ring of magical power]

   MP:        It affects your magic capacity (+9).
   rCorr:     It protects you from acid and corrosion.
 r - a +6 ring of intelligence (right hand)
 u - a ring of protection from fire
 Q - a +5 ring of evasion (left hand)
 T - a ring of willpower
 V - a ring of wizardry
 W - a +4 ring of slaying
Wands
 a - a wand of acid (9)
 b - a wand of flame (77)
 v - a wand of iceblast (3)
 A - a wand of polymorph (11)
 D - a wand of mindburst (7)
 O - a wand of charming (7)
Scrolls
 c - 2 scrolls of magic mapping
 d - 3 scrolls of vulnerability
 h - a scroll of teleportation {@r4}
 k - 4 scrolls of noise
 s - 3 scrolls of immolation
 w - 5 scrolls of identify {@r1}
 y - 3 scrolls of brand weapon
 B - 3 scrolls of fog
 E - 2 scrolls of silence
 F - 3 scrolls of amnesia
 H - 2 scrolls of poison
 S - a scroll of enchant armour
 U - a scroll of enchant weapon {unknown}
Potions
 g - 8 potions of brilliance
 i - 4 potions of attraction
 l - a potion of berserk rage {unknown}
 n - 3 potions of degeneration
 o - 5 potions of might
 p - a potion of mutation
 q - 8 potions of ambrosia
 t - 6 potions of heal wounds {unknown}
 x - 6 potions of haste {unknown}
 z - 2 potions of cancellation {unknown}
 I - 4 potions of flight {unknown}
 N - a potion of invisibility
 P - a potion of resistance
Miscellaneous
 J - a box of beasts


   Skills:
 + Level 17.3 Fighting
 + Level 3.0 Armour
 - Level 12.7 Dodging
 - Level 1.5 Stealth
 - Level 6.0 Shields
 * Level 18.9 Spellcasting


You knew the following spells:

 Your Spells              Type           Power      Damage    Failure   Level
a - Shock                 Conj/Air       100%       1d9       0%          1
b - Iron Shot             Conj/Erth      61%        9d11      1%          6
c - Dispersal             Tloc           50%        N/A       1%          6
d - Olgreb's Toxic Radia  Pois           100%       N/A       1%          4
e - Sandblast             Erth           100%       2d20      0%          1
f - Static Discharge      Conj/Air       100%       2-7/arc   0%          2
g - Blink                 Tloc           100%       N/A       0%          2
h - Irradiate             Conj/Tmut      50%        3d28      1%          5
i - Airstrike             Air            50%        2d(8-24)  1%          4
j - Cause Fear            Hex            50%        N/A       1%          4
k - Swiftness             Air            100%       N/A       0%          3
l - Scorch                Fire           100%       2d9       0%          2
Your spell library was empty.

Dungeon Overview and Level Annotations

Branches:
Dungeon (15/15)            Temple (1/1) D:7            Lair (0/5) D:11
    Orc (0/2) D:12         Vaults (0/5) D:14         Depths (4/4) D:15
    Zot: Depths:4

Altars:
Ashenzari
Dithmenos
Elyvilon
Fedhas
Gozag
Hepliaklqana
Makhleb
Nemelex Xobeh
Okawaru
Qazlal
Trog
Uskayaw
Wu Jian
Xom
Yredelemnul
Zin
The Shining One

Shops:
D:14 [

Portals:
Hell: Depths:1 Depths:2 Depths:3
Abyss: Depths:3
Pandemonium: Depths:2
Ziggurat: Depths:2

Annotations:
D:4 exclusion: lemure, Grinder, Pikel
D:5 Edmund
D:11 exclusion: downstairs
D:12 3 runed translucent doors, exclusion: downstairs, Pimp's ghost, journeyman DrMo
Depths:2 exclusion: 2 downstairs


Innate Abilities, Weirdness & Mutations

You are immune to sickness and miasma.
You are immune to poison.
Your flesh is very heat resistant. (rF++)
You are vulnerable to cold. (rC-)
You float through the air rather than walking.
You learn spells naturally, not from books.
Your magical power is your life essence.
You have superior vitality. (+4 MHP)
You are partially covered in large bone plates. (SH +4)
Your mind is acute. (Int +4, Str/Dex -1)
You passively dampen the noise of your surroundings.


Message History

Unknown command.
Unknown command.
Unknown command.
Unknown command.
Unknown command.
Unknown command.
Unknown command.
Unknown command.
Unknown command.
Unknown command.
Unknown command.
Unknown command.
Unknown command.
Unknown command.
Casting: Blink (safe; 0% risk of failure)
Confirm with . or Enter, or press ? or * to list all spells.
You blink.
* * * LOW HITPOINT WARNING * * *
The fire giant looks more healthy.
Unknown command.
Unknown command.
Unknown command.
Unknown command.
Unknown command.
Unknown command.
Unknown command.
Unknown command.
Unknown command.
Unknown command.
Unknown command.
Unknown command.
You feel better.
The sphinx casts a spell.
Something smites you!
* * * LOW HITPOINT WARNING * * *
The stone giant throws a large rock.
The large rock barely misses you.
You hear a grinding noise.
The fire giant gestures at you while chanting.
The fireball explodes!
The fireball engulfs you. You resist.
You die...

#..##..##..##....# ##''## #
##.#.......####..# ##~~~~## #
#∩.#.......#.....# ##~~~)~~## #
####.............# ##~~~~†)~~## #
............∩....###~~~~~[~~~~###
#...........>....##~~8~~(~~~8~~##
.................#~~)~~~~~~~~~~~#
####################.###''#######
..... ##@......(......... .....
##†.~~~~~~)~)~~~~~~~ ......
##.HD~..............~
.../..##..~CCC..............
.....)'..~CCC.§....##.......
##..~.C......## #......
##..~C.C)....## #.....
##..~~...#.m..## #....#
#..~~...###....## #....##


You could see 2 frost giants, 2 fire giants, an ice dragon (unable to see you),
a sphinx, 2 stone giants, a merfolk javelineer (unable to see you, poisoned) and
3 ettins.

Vanquished Creatures
  Mara (Depths:2)
  A juggernaut (Depths:4)
  A golden dragon (Depths:4)
  the Enchantress (Depths:2)
  A tentacled monstrosity (Depths:3)
  A walking crystal tome (Depths:3)
  4 liches
  A quicksilver dragon (Depths:4)
  A titan (Depths:2)
  5 sphinxes
  3 tengu reavers
  A storm dragon (Depths:2)
  4 frost giants
  5 fire giants
  An iron dragon (Depths:2)
  6 spriggan defenders
  26 very ugly things
  6 stone giants
  A vampire knight (Depths:2)
  A dire elephant (D:15)
  A red draconian (Depths:4)
  A yellow draconian (Depths:4)
  A purple draconian (Depths:4)
  A spark wasp (Depths:4)
  6 fire dragons
  10 ettins
  Josephine (D:12)
  12 vault guards
  Erolcha (D:13)
  A great orb of eyes (D:15)
  7 ice dragons
  3 hydras
  A rakshasa (Depths:3)
  A boulder beetle (D:14)
  4 spriggan air magi
  6 centaur warriors
  4 two-headed ogres
  A death yak (D:8)
  6 deep troll shamans
  5 tengu warriors
  6 deep troll earth magi
  5 spriggan berserkers
  Nergalle (D:10)
  A soul eater (Depths:3)
  5 iron trolls
  4 glowing orange brains
  2 skeletal warriors (D:12)
  5 flayed ghosts
  20 deep trolls
  4 wizards
  3 phantasmal warriors
  2 deep elf pyromancers
  29 ugly things
  2 wolf spiders (D:15)
  5 cyclopes
  3 manticores
  2 gargoyles (D:12)
  3 unseen horrors
  3 tengu conjurers
  A rime drake (D:11)
  6 trolls
  A queen bee (D:14)
  2 hornets
  3 meliai (D:14)
  A dream sheep (shapeshifter) (Depths:1)
  A slime creature (shapeshifter) (Depths:2)
  17 flying skulls (D:12)
  4 spriggans
  3 shadows
  5 wraiths
  6 water elementals
  8 slime creatures
  2 wyverns
  18 yaks
  2 steam dragons
  6 humans (D:14)
  2 basilisks (D:14)
  11 vampire mosquitoes
  2 acid dragons
  A water moccasin (D:7)
  A floating eye (Depths:2)
  6 ice beasts
  A sky beast (shapeshifter) (Depths:1)
  A sky beast (D:8)
  5 orc warriors
  A black bear (D:6)
  7 centaurs
  An ogre (D:7)
  A phantom (D:5)
  3 wolves
  2 lemures (D:5)
  2 kobold brigands
  4 bullfrogs
  A gnoll sergeant (D:6)
  3 scorpions
  6 wights
  16 killer bees
  9 electric eels
  4 howler monkeys
  A wyvern simulacrum (D:8)
  2 jellies
  3 hounds
  4 orc priests
  Ijyb (D:4)
  3 iguanas
  12 orc wizards
  A killer bee simulacrum (D:8)
  Robin (D:3)
  7 gnolls
  9 adders
  2 white imps (D:8)
  An ufetubus (D:4)
  A worm (D:2)
  3 dart slugs (D:2)
  50 orcs
  7 ball pythons
  6 bats
  7 endoplasms
  6 giant cockroaches
  10 goblins
  10 hobgoblins
  14 kobolds
  5 quokkas
  4 frilled lizards
  10 rats
605 creatures vanquished.

Vanquished Creatures (others)
  A frost giant (Depths:4)
  2 humans (D:14)
3 creatures vanquished.

Grand Total: 608 creatures vanquished

Notes
Turn   | Place    | Note
-------+----------+-------------------------------------------
     0 | D:1      | freelancePsychic the Djinni Air Elementalist began the
                  | quest for the Orb.
     0 | D:1      | freelancePsychic set off with the following spells
                  | memorised: Shock, Static Discharge, Swiftness, Airstrike.
     0 | D:1      | Reached XP level 1. HP: 15/15 MP: 0/0
    45 | D:1      | Reached XP level 2. HP: 17/22 MP: 0/0
   299 | D:1      | Reached skill level 1 in Fighting
   440 | D:1      | Reached XP level 3. HP: 25/27 MP: 0/0
   440 | D:1      | Learned a level 1 spell: Sandblast
   456 | D:1      | Reached skill level 3 in Spellcasting
   473 | D:1      | Found a faded altar of an unknown god.
  1276 | D:2      | Reached XP level 4. HP: 22/33 MP: 0/0
  2013 | D:3      | Reached XP level 5. HP: 7/39 MP: 0/0
  2013 | D:3      | Learned a level 2 spell: Scorch
  2176 | D:3      | Noticed Robin
  2183 | D:3      | Killed Robin
  2331 | D:3      | Reached skill level 4 in Spellcasting
  2509 | D:3      | Reached XP level 6. HP: 33/45 MP: 0/0
  3344 | D:4      | Noticed Ijyb
  3352 | D:4      | Killed Ijyb
  3578 | D:4      | You are sucked into a shaft and drop 2 floors!
  3631 | D:6      | Noticed an ice beast
  3703 | D:5      | Entered Level 5 of the Dungeon
  3711 | D:5      | Reached XP level 7. HP: 35/50 MP: 0/0
  3711 | D:5      | Learned a level 2 spell: Blink
  3859 | D:5      | Reached skill level 5 in Spellcasting
  4009 | D:4      | Noticed Pikel
  4140 | D:4      | Noticed Grinder
  4528 | D:5      | Noticed Edmund
  4685 | D:5      | Found a shadowy altar of Dithmenos.
  5173 | D:6      | Reached XP level 8. HP: 50/58 MP: 0/0
  5314 | D:6      | Reached skill level 6 in Spellcasting
  5355 | D:6      | Reached skill level 5 in Fighting
  5530 | D:6      | Found a broken altar of Ashenzari.
  5551 | D:6      | Found an iron altar of Okawaru.
  5552 | D:6      | Found a hide-covered altar of Uskayaw.
  5553 | D:6      | Found a basalt altar of Yredelemnul.
  5943 | D:7      | Found a glowing silver altar of Zin.
  6163 | D:7      | Reached skill level 7 in Spellcasting
  6163 | D:7      | Reached XP level 9. HP: 50/66 MP: 0/0
  6163 | D:7      | Learned a level 4 spell: Olgreb's Toxic Radiance
  6478 | D:7      | Found a staircase to the Ecumenical Temple.
  6669 | Temple   | Entered the Ecumenical Temple
  6750 | Temple   | Became a worshipper of Makhleb the Destroyer
  6994 | D:8      | Reached skill level 8 in Spellcasting
  7531 | D:8      | Reached XP level 10. HP: 67/75 MP: 0/0
  7582 | D:8      | Reached * piety under Makhleb
  7708 | D:8      | Noticed a death yak
  7745 | D:8      | Killed a death yak
  7746 | D:8      | Reached skill level 9 in Spellcasting
  8507 | D:9      | Found a stormy altar of Qazlal.
  8530 | D:9      | Noticed a two-headed ogre
  8533 | D:9      | Killed a two-headed ogre
  8680 | D:9      | Reached skill level 10 in Spellcasting
  8680 | D:9      | Reached XP level 11. HP: 79/82 MP: 0/0
  8680 | D:9      | Learned a level 4 spell: Cause Fear
  8897 | D:10     | Entered Level 10 of the Dungeon
  8921 | D:10     | Reached skill level 5 in Dodging
  9272 | D:10     | Noticed Nergalle
  9276 | D:10     | Killed Nergalle
  9382 | D:10     | Reached ** piety under Makhleb
  9410 | D:10     | Noticed a cyclops
  9411 | D:10     | Noticed a two-headed ogre
  9413 | D:10     | Killed a cyclops
  9418 | D:10     | Killed a two-headed ogre
 10054 | D:11     | Noticed a manticore
 10055 | D:11     | Found a staircase to the Lair.
 10059 | D:11     | Killed a manticore
 10060 | D:11     | Reached skill level 11 in Spellcasting
 10105 | D:11     | Noticed a manticore
 10112 | D:11     | Killed a manticore
 10122 | D:11     | Reached skill level 10 in Fighting
 10122 | D:11     | Reached XP level 12. HP: 40/91 MP: 0/0
 10544 | D:11     | Reached *** piety under Makhleb
 10771 | D:12     | Noticed a two-headed ogre
 10774 | D:12     | Killed a two-headed ogre
 10862 | D:12     | Found a runed translucent gate.
 10862 | D:12     | Found a runed translucent gate.
 10862 | D:12     | Found a runed translucent gate.
 10862 | D:12     | Noticed a naga warrior
 10862 | D:12     | Noticed a deep elf knight
 10864 | D:12     | Noticed a centaur warrior
 10958 | D:12     | Noticed a skeletal warrior
 10985 | D:12     | Killed a skeletal warrior
 10986 | D:12     | Reached skill level 12 in Spellcasting
 10986 | D:12     | Reached **** piety under Makhleb
 11061 | D:12     | Noticed a skeletal warrior
 11094 | D:12     | Killed a skeletal warrior
 11167 | D:12     | Found the +3 giant club "Skullcrusher" {speed, Str+7}
 11346 | D:12     | Reached XP level 13. HP: 98/99 MP: 0/0
 11346 | D:12     | Learned a level 5 spell: Irradiate
 11566 | D:12     | Noticed a centaur warrior
 11570 | D:12     | Noticed Pimp's ghost (journeyman DrMo)
 11628 | D:12     | Noticed Josephine
 11632 | D:12     | Killed Josephine
 11802 | D:12     | Found a staircase to the Orcish Mines.
 11886 | D:12     | Found an iron altar of Okawaru.
 12030 | D:13     | Noticed a seven-headed hydra
 12035 | D:13     | Killed a seven-headed hydra
 12054 | D:13     | Noticed Erolcha
 12062 | D:13     | Killed Erolcha
 12063 | D:13     | Reached skill level 13 in Spellcasting
 12079 | D:13     | Noticed a centaur warrior
 12135 | D:13     | Killed a centaur warrior
 12517 | D:13     | Noticed a vault guard
 12532 | D:13     | Noticed a vault guard
 12544 | D:13     | Killed a vault guard
 12556 | D:13     | Noticed a vault guard
 12566 | D:13     | Killed a vault guard
 12567 | D:13     | Reached skill level 10 in Dodging
 12583 | D:13     | Noticed a vault guard
 12583 | D:13     | Noticed a vault guard
 12606 | D:13     | Killed a vault guard
 12609 | D:13     | Killed a vault guard
 12612 | D:13     | Killed a vault guard
 12806 | D:13     | Noticed a centaur warrior
 12809 | D:13     | Killed a centaur warrior
 12809 | D:13     | Reached ***** piety under Makhleb
 12857 | D:13     | Noticed a vault guard
 12875 | D:13     | Killed a vault guard
 12911 | D:13     | Reached XP level 14. HP: 95/107 MP: 0/0
 12922 | D:13     | Noticed a tengu reaver
 12935 | D:13     | Killed a tengu reaver
 13012 | D:13     | Reached skill level 1 in Shields
 13039 | D:13     | Found the +9 sword of Power {lifebolt}
 13362 | D:14     | Found Arphuat's Antique Armour Emporium.
 13370 | D:14     | Bought a steaming ring mail for 279 gold pieces
 13370 | D:14     | Identified the +3 ring mail of the Desert {rF+ rC+ Regen+}
                  | (You bought it in a shop on level 14 of the Dungeon)
 13400 | D:14     | Found the +15 Maxwell's patent armour {-Cast -Tele rElec
                  | Will+ rCorr}
 13614 | D:14     | Reached skill level 14 in Spellcasting
 13635 | D:14     | Found a gate to the Vaults.
 14001 | D:14     | Found a sparkling altar of Nemelex Xobeh.
 14317 | D:15     | Entered Level 15 of the Dungeon
 14483 | D:15     | Found a staircase to the Depths.
 14483 | D:15     | Noticed a dire elephant
 14512 | D:15     | Reached skill level 5 in Shields
 14514 | D:15     | Killed a dire elephant
 14515 | D:15     | Reached XP level 15. HP: 106/115 MP: 0/0
 14515 | D:15     | Learned a level 6 spell: Dispersal
 14798 | D:15     | Identified the +0 chain mail of the Silversmith {Str+3}
 14811 | D:15     | Found the +10 tower shield of Ignorance {rN+ Int-4}
 15347 | Depths:1 | Entered Level 1 of the Depths
 15370 | Depths:1 | Noticed a stone giant
 15383 | Depths:1 | Noticed a sphinx
 15391 | D:15     | Reached skill level 15 in Spellcasting
 15552 | D:15     | Killed a stone giant
 15607 | Depths:1 | Killed a sphinx
 15630 | Depths:1 | Noticed a green very ugly thing
 15685 | Depths:1 | Noticed a green very ugly thing
 15692 | D:15     | Killed a cyan very ugly thing
 15739 | D:15     | Killed a white very ugly thing
 15785 | Depths:1 | Noticed a green very ugly thing
 15812 | D:15     | Killed a brown very ugly thing
 15872 | Depths:1 | Noticed a sphinx
 15877 | Depths:1 | Killed a sphinx
 15910 | Depths:1 | Reached ****** piety under Makhleb
 16018 | Depths:1 | Noticed a stone giant
 16020 | Depths:1 | Killed a stone giant
 16083 | Depths:1 | Noticed a lich
 16089 | Depths:1 | Killed a lich
 16093 | Depths:1 | Found a gateway to Hell.
 16129 | Depths:1 | Noticed a fire giant
 16147 | Depths:1 | Killed a fire giant
 16301 | Depths:1 | Reached XP level 16. HP: 106/124 MP: 0/0
 16352 | Depths:1 | Noticed a fire giant
 16355 | Depths:1 | Killed a fire giant
 16356 | Depths:1 | Reached skill level 16 in Spellcasting
 16831 | Depths:2 | Noticed Mara
 16833 | Depths:2 | Noticed freelancePsychic's illusion
 16897 | Depths:2 | Noticed the Enchantress
 16905 | Depths:2 | Killed the Enchantress
 17153 | Depths:2 | Found a one-way gate leading to the halls of Pandemonium.
 17186 | Depths:2 | Noticed a tengu reaver
 17197 | Depths:2 | Killed a tengu reaver
 17198 | Depths:2 | Reached skill level 15 in Fighting
 17470 | Depths:2 | Noticed a fire giant
 17475 | Depths:2 | Killed a fire giant
 17483 | Depths:2 | Identified the +0 leather armour of Imikkieh {rF+ MP-9
                  | Slay+3}
 17487 | Depths:2 | Found a one-way gateway to a ziggurat.
 17535 | Depths:2 | Paralysed by a floating eye for 2 turns
 17633 | Depths:2 | Noticed a lich
 17641 | Depths:2 | Killed a lich
 17854 | Depths:2 | Noticed a caustic shrike
 17854 | Depths:2 | Noticed an iron dragon
 17854 | Depths:2 | Noticed a storm dragon
 17854 | Depths:2 | Noticed a frost giant
 17854 | Depths:2 | Noticed a tengu reaver
 17854 | Depths:2 | Noticed a titan
 17884 | Depths:2 | Reached skill level 17 in Spellcasting
 17927 | Depths:2 | Killed Mara
 17941 | Depths:2 | Identified the +1 robe of Fanaticism {rF++ Int+4 Dex-3}
 17947 | Depths:2 | Killed a tengu reaver
 18115 | Depths:2 | Killed a storm dragon
 18116 | Depths:2 | Reached XP level 17. HP: 73/132 MP: 0/0
 18116 | Depths:2 | Learned a level 6 spell: Iron Shot
 18259 | Depths:2 | Killed a titan
 18567 | Depths:2 | Noticed a sphinx
 18580 | Depths:2 | Killed a sphinx
 18726 | Depths:3 | Noticed a lich
 18726 | Depths:3 | Noticed a tentacled monstrosity
 18726 | Depths:3 | Noticed a walking crystal tome
 18897 | Depths:3 | You are sucked into a shaft and drop 1 floor!
 18897 | Depths:4 | Entered Level 4 of the Depths
 19001 | Depths:4 | Identified the ring of Qizaf {rCorr MP+9}
 19156 | Depths:4 | Reached skill level 18 in Spellcasting
 19253 | Depths:4 | Noticed a golden dragon
 19255 | Depths:4 | Noticed a juggernaut
 19291 | Depths:4 | Killed a juggernaut
 19296 | Depths:4 | Killed a golden dragon
 19297 | Depths:4 | Reached XP level 18. HP: 36/141 MP: 0/0
 19451 | Depths:4 | Gained mutation: Your mind is acute. (Int +4, Str/Dex -1)
                  | [potion of mutation]
 19451 | Depths:4 | Gained mutation: You passively dampen the noise of your
                  | surroundings. [potion of mutation]
 19451 | Depths:4 | Gained mutation: You are partially covered in large bone
                  | plates. (SH +4) [potion of mutation]
 19660 | Depths:4 | Noticed a quicksilver dragon
 19663 | Depths:4 | Killed a quicksilver dragon
 19713 | Depths:3 | Found a one-way gate to the infinite horrors of the Abyss.
 19897 | Depths:3 | Noticed a lich
 19901 | Depths:3 | Killed a lich
 19971 | Depths:3 | Killed a tentacled monstrosity
 20036 | Depths:3 | Killed a lich
 20195 | Depths:3 | Reached skill level 1 in Armour
 20272 | Depths:3 | Killed a walking crystal tome
 20377 | Depths:3 | HP: 5/143 [fire giant/fireball (9)]
 20380 | Depths:3 | HP: 1/143 [sphinx/divine providence (13)]
 20381 | Depths:3 | Killed from afar by a fire giant

Illustrated notes

Levels and vault maps discovered:
D:1:      mrwooster_arrival_statue_2, layout_basic,
          shapermc_ecumenical_altar_rom_forum, minmay_misc_feat_iff,
          chequers_serial_rivers_room_a
D:2:      minmay_razor_zed, layout_loops_ring
D:3:      layout_basic, minmay_misc_feat_hallway, minmay_pentomino_pile,
          uniq_robin
D:4:      layout_rooms, uniq_ijyb, uniq_pikel, uniq_grinder
D:5:      layout_loops_ring, nicolae_dithmenos_shadow_blocks, uniq_edmund
D:6:      layout_gridville, nicolae_vehumet_radiance,
          mainiacjoe_overflow_alcove_3, serial_glass, glass_columns_a,
          glass_columns_a, glass_columns_b, glass_columns_a, glass_columns_b,
          glass_columns_a
D:7:      layout_rooms, overflow_temple_1_default,
          minmay_temple_entry_antechambers, minmay_misc_feat_room
D:8:      layout_rooms, serial_ice, serial_ice_c, serial_ice_l, serial_ice_o,
          serial_ice_h, serial_ice_g, serial_ice_a
D:9:      layout_basic, mainiacjoe_overflow_boulevard
D:10:     layout_grid_maze, uniq_nergalle
D:11:     layout_basic, hellmonk_lair_entry_icy
D:12:     layout_stronghold, hiddenorc1_lemuel, gammafunk_ghost_fury_of_okawaru,
          minmay_guarded_unrand_skullcrusher, uniq_josephine
D:13:     minmay_guarded_unrand_sword_of_power, layout_basic, serial_curves,
          eino_curves_01, eino_curves_03, uniq_erolcha
D:14:     layout_long_grid, ximxim_vaults_locker_room, special_room
          [special_room_bee], nemelex_diamond_rough_becter, serial_shops, shop
D:15:     hangedman_depths_entry_try_elsewhere_first, layout_stronghold,
          amcnicky_mini_pool_small, lemuel_old_faithful
Temple:   jpeg_temple_clearing
Depths:1: layout_long_grid, corexii_hall_statues_l, hell_entry,
          minmay_misc_feat_roman, lightli_minifort
Depths:2: minmay_octo_star, layout_basic, enter_ziggurat_f,
          hangedman_decor_peaks_small, hell_entry, rand_demon_pan_entry_8,
          uniq_mara, uniq_enchantress
Depths:3: nooodl_heptagram, layout_cave_pools, hangedman_tar_grid_catacomb,
          glass_columns_a, abyss_entry
Depths:4: grunt_twist_and_shout, layout_gridlike, hell_entry,
          minmay_pinched_square, serial_bayou_shore_a

Skill      XL: |  1  2  3  4  5  6  7  8  9 10 11 12 13 14 15 16 17 18 |
---------------+-------------------------------------------------------+-----
Fighting       | 1 2 3 4 6 7 8 10 11 12 13 14 15 16 17 | 17.3
Spellcasting   | 3 4 5 7 8 10 11 12 13 14 15 17 18 | 18.9
Dodging        | 4 6 8 10 11 12 | 12.7
Shields        | 5 6 |  6.0
Armour         | 3 |  3.0
Stealth        | |  1.5

Action                     |  1- 3 |  4- 6 |  7- 9 | 10-12 | 13-15 | 16-18 || total
---------------------------+-------+-------+-------+-------+-------+-------++-------
  Melee: Unarmed           |       |     2 |     1 |       |       |       ||     3
         Staff             |       |       |       |     2 |     1 |     1 ||     4
   Cast: Shock             |    85 |    45 |    16 |       |       |       ||   146
         Static Discharge  |     1 |     4 |       |       |       |       ||     5
         Scorch            |       |    57 |    50 |     4 |     1 |       ||   112
         Airstrike         |       |       |    78 |   188 |   337 |   155 ||   758
         Blink             |       |       |     1 |    11 |    11 |     5 ||    28
         Olgreb's Toxic Ra |       |       |       |    33 |    88 |    33 ||   154
         Cause Fear        |       |       |       |     6 |     2 |       ||     8
         Irradiate         |       |       |       |       |    40 |    32 ||    72
         Dispersal         |       |       |       |       |    13 |    20 ||    33
         Iron Shot         |       |       |       |       |       |   227 ||   227
         Swiftness         |       |       |       |       |       |     1 ||     1
    Use: Scroll            |       |     9 |     3 |     1 |    10 |    12 ||    35
         Potion            |       |       |       |       |     4 |    13 ||    17
 Armour: Robe              |     2 |       |       |       |       |       ||     2
         Leather armour    |     1 |    11 |     8 |       |       |       ||    20
         Steam dragon scal |       |       |     1 |       |       |       ||     1
         Troll leather arm |       |       |       |    16 |     7 |       ||    23
         Ring mail         |       |       |       |       |    40 |    31 ||    71
  Dodge: Dodged            |    11 |    31 |    22 |    37 |    76 |    71 ||   248
  Block: Other             |       |     2 |     7 |    17 |     8 |       ||    34
         Reflection        |       |       |     4 |     1 |    11 |     2 ||    18
         Buckler           |       |       |       |       |    59 |    58 ||   117
